 Dungeon Crawl Stone Soup version 0.31-a0-174-g85c54bcb58 (webtiles) character file.

Game seed: 10507690498840612449

184 qw the Shooter (level 5, 0/49 HPs)
             Began as a Naga Hunter on June 15, 2023.
             Splashed by a jelly's acid (9 damage)
             ... on level 4 of the Dungeon.
             The game lasted 00:00:54 (2124 turns).

qw the Shooter (Naga Hunter)                        Turns: 2124, Time: 00:00:54

Health: 0/49       AC:  4    Str: 13    XL:     5   Next: 63%
Magic:  5/5        EV:  9    Int:  9    God:
Gold:   271        SH:  0    Dex: 17    Spells: 4/4 levels left

rFire   + . .        Y - +0 shortbow
rCold   . . .        (shield currently unavailable)
rNeg    . . .        c - +0 leather armour
rPois   +            j - +0 helmet
rElec   .            (no cloak)
rCorr   .            (no gloves)
SInv    +            (no barding)
Will    .....        (no amulet)
Stlth   ++           f - ring of protection from fire
HPRegen 0.28/turn    (no ring)
MPRegen 0.09/turn

%: no passive effects
@: very slow
A: AC +1, large, see invisible, deformed body, poison resistance, slowness 2,
spit poison 1, naga tail 1
a: Spit Poison


You were on level 4 of the Dungeon.
You visited 1 branch of the dungeon, and saw 4 of its levels.

You collected 271 gold pieces.


Innate Abilities, Weirdness & Mutations

Your serpentine skin is tough. (AC +1)
You have supernaturally acute eyesight. (SInv)
Armour fits poorly on your strangely shaped body.
Your system is resistant to poisons. (rPois)
You cover ground very slowly.
You can spit poison.
You have a snake-like lower body.


   Skills:
 - Level 3.1 Fighting
 + Level 5.6 Ranged Weapons
 - Level 1.5 Dodging
 - Level 1.5 Stealth


You had 4 spell levels left.
You didn't know any spells.
Your spell library was empty.

Inventory:

Hand Weapons
 Y - a +0 shortbow (weapon)
Armour
 c - a +0 leather armour (worn)
 i - a +2 hat
 j - a +0 helmet (worn)
Jewellery
 f - a ring of protection from fire (left hand)
 m - a ring of ice
Scrolls
 b - a scroll of blinking {unknown}
Potions
 a - a potion of heal wounds {unknown}
 d - a potion of attraction {unknown}
 e - a potion of invisibility {unknown}
 g - a potion of curing {unknown}
 h - a potion of might {unknown}

Dungeon Overview and Level Annotations

Branches:
Dungeon (4/15)
 Temple: D:4-7

Altars:
Qazlal


Message History

You shoot an arrow. The arrow hits the phantom.
The phantom is severely damaged.
The phantom hits you. x2
You shoot an arrow. The arrow hits the phantom.
The phantom is severely damaged.
The phantom barely misses you.
You shoot an arrow.
The arrow hits the phantom but does no damage.
The phantom is severely damaged.
The phantom closely misses you.
You shoot an arrow. The arrow barely misses the phantom.
The phantom hits you.
You shoot an arrow.
The arrow hits the phantom but does no damage.
The phantom is severely damaged.
The phantom hits you but does no damage.
You shoot an arrow. The arrow hits the phantom.
The phantom is severely damaged.
The phantom barely misses you.
You shoot an arrow. The arrow closely misses the phantom.
The phantom hits you.
The phantom blinks!
You blink.
The phantom closely misses you.
You shoot an arrow. The arrow closely misses the phantom.
The phantom hits you but does no damage.
You shoot an arrow. The arrow barely misses the phantom.
The phantom hits you!
The phantom blinks!
You blink.
You shoot an arrow. The arrow barely misses the phantom.
The phantom barely misses you.
You shoot an arrow. The arrow barely misses the phantom.
The phantom hits you.
The phantom blinks!
You blink.
You shoot an arrow. The arrow closely misses the phantom.
The phantom hits you but does no damage.
You shoot an arrow. The arrow closely misses the phantom.
The phantom hits you. x2; The phantom blinks!
You blink.
You shoot an arrow. The arrow barely misses the phantom.
The phantom misses you.
You shoot an arrow. The arrow hits the phantom!
You destroy the phantom!
The jelly hits you.
You are splashed with acid!
You die...

...#....#..
.#....!...
##.#.......
>#..#.....
........#
#...#.....
........#
#.#'##...<
........#
#....# ...
........#
#....# ...
....##+##
#....#
#####
#..J.#
#..@.#
#....#
#....#
#....#
#....#
#....#
#....#
#....#
#....#


You could see a jelly.

Vanquished Creatures
  A phantom (D:4)
  A jelly (D:4)
  2 iguanas (D:4)
  2 adders (D:2)
  3 worms (D:2)
  A dart slug (D:3)
  5 ball pythons
  3 endoplasms
  2 giant cockroaches (D:4)
  4 goblins
  5 hobgoblins
  10 kobolds
  3 quokkas
  9 bats
  12 frilled lizards
  4 rats
67 creatures vanquished.

Notes
Turn   | Place    | Note
-------+----------+-------------------------------------------
     0 | D:1      | qw the Naga Hunter began the quest for the Orb.
     0 | D:1      | Reached XP level 1. HP: 19/19 MP: 1/1
     0 | D:1      | 0 ||| qw: Version: 0.2-a-29-g511e9b1
     0 | D:1      | 0 ||| qw: Game counter: 5531
     0 | D:1      | 0 ||| qw: Always use a shield: true
     0 | D:1      | 0 ||| qw: God list: Okawaru
     0 | D:1      | 0 ||| qw: Allow faded altars: false
     0 | D:1      | 0 ||| qw: Do Orc after D:15 true
     0 | D:1      | 0 ||| qw: Do second Lair branch before Depths: true
     0 | D:1      | 0 ||| qw: Lair rune preference: random
     0 | D:1      | 0 ||| qw: Plans: Normal
     0 | D:1      | 0 ||| PLANNING D:1-11
    11 | D:1      | 11 ||| INVOKING Spit Poison.
    20 | D:1      | 20 ||| INVOKING Spit Poison.
    42 | D:1      | 42 ||| INVOKING Spit Poison.
    45 | D:1      | 45 ||| INVOKING Spit Poison.
    46 | D:1      | Reached skill level 4 in Ranged Weapons
    46 | D:1      | Reached XP level 2. HP: 26/26 MP: 2/2
    63 | D:1      | 63 ||| INVOKING Spit Poison.
    69 | D:1      | 69 ||| INVOKING Spit Poison.
   135 | D:1      | 135 ||| INVOKING Spit Poison.
   139 | D:1      | 139 ||| INVOKING Spit Poison.
   172 | D:1      | Found a faded altar of an unknown god.
   181 | D:1      | 181 ||| INVOKING Spit Poison.
   187 | D:1      | 187 ||| INVOKING Spit Poison.
   230 | D:1      | 230 ||| INVOKING Spit Poison.
   234 | D:1      | 234 ||| INVOKING Spit Poison.
   241 | D:1      | 241 ||| INVOKING Spit Poison.
   302 | D:1      | 302 ||| UPGRADING to +0 helmet.
   307 | D:1      | 307 ||| UPGRADING to ring of protection from fire.
   308 | D:1      | 308 ||| READING 3 scrolls labelled SAUTATOETA.
   309 | D:1      | 309 ||| READING scroll labelled HAHAON MUCK.
   410 | D:1      | 410 ||| READING scroll labelled KIERISSAMUE.
   411 | D:1      | 411 ||| READING scroll labelled GONAOX DOEWIBO.
   412 | D:1      | 412 ||| DROPPING 2 scrolls of amnesia.
   413 | D:1      | 413 ||| DROPPING scroll of butterflies.
   453 | D:2      | 453 ||| INVOKING Spit Poison.
   454 | D:2      | 454 ||| INVOKING Spit Poison.
   460 | D:2      | Reached XP level 3. HP: 29/32 MP: 3/3
   474 | D:2      | 474 ||| INVOKING Spit Poison.
   480 | D:2      | 480 ||| INVOKING Spit Poison.
   490 | D:2      | 490 ||| INVOKING Spit Poison.
   573 | D:2      | 573 ||| INVOKING Spit Poison.
   578 | D:2      | 578 ||| INVOKING Spit Poison.
   584 | D:2      | 584 ||| INVOKING Spit Poison.
   585 | D:2      | 585 ||| INVOKING Spit Poison.
   591 | D:2      | 591 ||| INVOKING Spit Poison.
   642 | D:2      | 642 ||| INVOKING Spit Poison.
   654 | D:2      | 654 ||| INVOKING Spit Poison.
   685 | D:2      | 685 ||| INVOKING Spit Poison.
   698 | D:2      | Reached skill level 5 in Ranged Weapons
   698 | D:2      | Reached XP level 4. HP: 39/39 MP: 4/4
   799 | D:2      | 799 ||| INVOKING Spit Poison.
   803 | D:2      | 803 ||| INVOKING Spit Poison.
   857 | D:2      | 857 ||| INVOKING Spit Poison.
   956 | D:2      | 956 ||| INVOKING Spit Poison.
  1028 | D:2      | 1028 ||| READING 2 scrolls labelled WIRHAE KEBE.
  1063 | D:3      | 1063 ||| INVOKING Spit Poison.
  1092 | D:3      | 1092 ||| INVOKING Spit Poison.
  1132 | D:3      | 1132 ||| INVOKING Spit Poison.
  1149 | D:3      | 1149 ||| INVOKING Spit Poison.
  1383 | D:3      | 1383 ||| INVOKING Spit Poison.
  1427 | D:3      | 1427 ||| INVOKING Spit Poison.
  1578 | D:3      | 1578 ||| DROPPING +6 ring of intelligence.
  1579 | D:3      | 1579 ||| READING scroll labelled NEIPEJ ALETO.
  1580 | D:3      | 1580 ||| READING 3 scrolls labelled WYDEQ YCUOM.
  1581 | D:3      | 1581 ||| DROPPING 2 scrolls of immolation.
  1611 | D:4      | 1611 ||| INVOKING Spit Poison.
  1615 | D:4      | 1615 ||| INVOKING Spit Poison.
  1620 | D:4      | 1620 ||| INVOKING Spit Poison.
  1623 | D:4      | 1623 ||| INVOKING Spit Poison.
  1625 | D:4      | Noticed a phantom
  1628 | D:4      | 1628 ||| INVOKING Spit Poison.
  1631 | D:4      | HP: 6/40 [iguana (10)]
  1632 | D:4      | 1632 ||| READING scroll of teleportation.
  1633 | D:4      | 1633 ||| INVOKING Spit Poison.
  1635 | D:4      | Reached skill level 3 in Fighting
  1827 | D:4      | 1827 ||| INVOKING Spit Poison.
  1847 | D:4      | 1847 ||| INVOKING Spit Poison.
  1852 | D:4      | 1852 ||| INVOKING Spit Poison.
  1858 | D:4      | 1858 ||| INVOKING Spit Poison.
  1864 | D:4      | 1864 ||| INVOKING Spit Poison.
  1894 | D:4      | 1894 ||| INVOKING Spit Poison.
  1899 | D:4      | 1899 ||| INVOKING Spit Poison.
  1903 | D:4      | Reached XP level 5. HP: 42/49 MP: 5/5
  2021 | D:4      | 2021 ||| INVOKING Spit Poison.
  2027 | D:4      | 2027 ||| INVOKING Spit Poison.
  2064 | D:4      | Found a stormy altar of Qazlal.
  2068 | D:4      | 2068 ||| INVOKING Spit Poison.
  2122 | D:4      | HP: 10/49 [phantom (5)]
  2124 | D:4      | Killed a phantom
  2124 | D:4      | Splashed by a jelly's acid

Levels and vault maps discovered:
D:1:      lightli_arrival_flooded_house, layout_rooms,
          chequers_ecumenical_altar_simple
D:2:      layout_loops_ring
D:3:      layout_basic, amcnicky_mini_pool_small, st_stairs_14
D:4:      layout_gridville, mainiacjoe_overflow_24_doors, kennysheep_cross_room,
          minmay_lizard_king

Skill      XL: |  1  2  3  4 |
---------------+-------------+-----
Ranged Weapons | 4 5 |  5.6
Fighting       | 3 |  3.1
Dodging        | |  1.5
Stealth        | |  1.5

Action                     |  1- 3 |  4- 6 || total
---------------------------+-------+-------++-------
   Fire: Shortbow          |    64 |    82 ||   146
Ability: Spit Poison       |    24 |    26 ||    50
    Use: Scroll            |     4 |     4 ||     8
 Armour: Leather armour    |     6 |    15 ||    21
  Dodge: Dodged            |    12 |    19 ||    31

Table legend:
 A = Non-vault XP
 B = Vault XP
 C = Vault XP percentage of total XP
 D = Non-vault monster count
 E = Vault monster count
 F = Vault count percentage of total count
                 A         B        C        D         E       F
            +---------+---------+-------+---------+---------+-------
      Total |     324 |      46 |  12.4 |      57 |      10 |  14.9
            +---------+---------+-------+---------+---------+-------
        D:1 |      28 |       0 |   0.0 |      18 |       0 |   0.0
        D:2 |      65 |       0 |   0.0 |      21 |       0 |   0.0
        D:3 |      15 |       2 |  11.8 |       8 |       1 |  11.1
        D:4 |     216 |      44 |  16.9 |      10 |       9 |  47.4
            +---------+---------+-------+---------+---------+-------
